 Dungeon Crawl Stone Soup version 0.31.0-9-g3a7656b989 (webtiles) character file.

Game seed: 14339541434245231860

179 qw the Shooter (level 5, -1/26 HPs)
             Began as a Spriggan Hunter on Feb 2, 2024.
             Slain by an orc
             ... wielding a +0 falchion
              (6 damage)
             ... on level 4 of the Dungeon.
             The game lasted 00:00:09 (2155 turns).

qw the Shooter (Spriggan Hunter)                    Turns: 2155, Time: 00:00:09

Health: -1/26      AC:  6    Str:  7    XL:     5   Next: 33%
Magic:  6/6        EV: 20    Int: 10    God:
Gold:   173        SH:  0    Dex: 21    Spells: 4/4 levels left

rFire   . . .        a - +0 shortbow
rCold   . . .        (shield currently unavailable)
rNeg    . . .        c - +0 robe
rPois   .            (helmet restricted)
rElec   .            (no cloak)
rCorr   .            (gloves unavailable)
SInv    +            (boots unavailable)
Will    .....        (no amulet)
Stlth   ++           e - +4 ring of protection
HPRegen 0.24/turn    (no ring)
MPRegen 0.10/turn

%: no passive effects
@: lethally poisoned (-1 -> -3), very quick
A: very small, no large weapons, unfitting armour, see invisible, speed 3
a: no special abilities


You were on level 4 of the Dungeon.
You visited 1 branch of the dungeon, and saw 4 of its levels.

You collected 173 gold pieces.


Innate Abilities, Weirdness & Mutations

You are very small and have problems with some larger weapons.
You are too small for most types of armour.
You have supernaturally acute eyesight. (SInv)
You cover ground extremely quickly. (Speed+++)


   Skills:
 - Level 2.2 Fighting
 + Level 5.3 Ranged Weapons
 - Level 5.1 Dodging
 - Level 1.5 Stealth


You had 4 spell levels left.
You didn't know any spells.
Your spell library was empty.

Inventory:

Hand Weapons
 a - a +0 shortbow (weapon)
Armour
 c - a +0 robe (worn)
Jewellery
 e - a +4 ring of protection (left hand)
Potions
 d - a potion of curing
 f - a potion of might
 g - a potion of haste

Dungeon Overview and Level Annotations

Branches:
Dungeon (4/15)             Temple (0/1) D:4

Altars:
Qazlal
Zin


Message History

The adder misses you. x2
You shoot an arrow. The arrow barely misses the adder.
The arrow barely misses the orc.
An adder comes into view.
The adder bites you but does no damage.
The adder moves out of view.
You shoot an arrow. The arrow closely misses the adder.
The arrow hits the giant cockroach but does no damage.
The adder bites you but does no damage. The orc misses you.
The adder closely misses you.
You shoot an arrow. The arrow closely misses the adder.
The orc misses you. The giant cockroach misses you.
The adder bites you but does no damage. The orc barely misses you.
The orc priest looks encouraged for a moment.
You shoot an arrow. The arrow closely misses the adder.
The arrow barely misses the orc priest.
The adder bites you.
You are poisoned.
The adder poisons you! The giant cockroach misses you.
The adder bites you but does no damage. The giant cockroach closely misses you.
The orc misses you.
You shoot an arrow. The arrow hits the adder.
The adder is severely wounded.
You feel sick. The adder bites you but does no damage.
The giant cockroach completely misses you.
The orc hits you with a +0 falchion.
You shoot an arrow. The arrow misses the adder.
The arrow hits the orc priest!
The orc priest is heavily wounded.
You feel sick. The adder bites you but does no damage.
The giant cockroach misses you. The orc barely misses you.
The adder misses you. The giant cockroach barely misses you.
You shoot an arrow. The arrow barely misses the adder.
The arrow hits the orc priest.
The orc priest is severely wounded.
You feel sick. The adder completely misses you. The orc barely misses you.
The giant cockroach completely misses you.
You shoot an arrow. The arrow hits the adder.
The adder is almost dead.
You feel sick. The adder barely misses you. The giant cockroach misses you.
The orc hits you with a +0 falchion.
You die...

.. ... .# ..
.#.).##. ...
..#.#..# #. ...#
.#.... ...
....##....#..#
.......o.....##
....#.BSo##...##
#...@#..#....
#..#.#.......
#..##...#.......
#...).?....#.#.#
.......#.####.#.#
#.#.####=####...####
.... #............
##...###..........#
# #..............#


You could see an orc priest, an adder, an orc and a giant cockroach.

Vanquished Creatures
  A hound (D:3)
  A bombardier beetle (D:4)
  5 adders
  A ribbon worm (D:3)
  A dart slug (D:1)
  6 orcs
  4 ball pythons
  5 bats
  6 endoplasms
  8 goblins
  8 hobgoblins
  2 jackals (D:1)
  2 quokkas
  5 frilled lizards
  3 kobolds
  4 rats (D:1)
62 creatures vanquished.

Notes
Turn   | Place    | Note
-------+----------+-------------------------------------------
     0 | D:1      | qw the Spriggan Hunter began the quest for the Orb.
     0 | D:1      | Reached XP level 1. HP: 10/10 MP: 2/2
     0 | D:1      | 0 ||| qw: Version: 0.3-a-155-g5e7d8dd
     0 | D:1      | 0 ||| qw: Game counter: 222
     0 | D:1      | 0 ||| qw: Melee chars always use a shield: true
     0 | D:1      | 0 ||| qw: God list: Okawaru
     0 | D:1      | 0 ||| qw: Allow faded altars: false
     0 | D:1      | 0 ||| qw: Do Orc after clearing Dungeon:15 true
     0 | D:1      | 0 ||| qw: Do second Lair branch before Depths: true
     0 | D:1      | 0 ||| qw: Lair rune preference: random
     0 | D:1      | 0 ||| qw: Goals: Normal
     0 | D:1      | 0 ||| PLANNING D:1-11
    46 | D:1      | Reached skill level 3 in Dodging
   127 | D:1      | Reached XP level 2. HP: 14/14 MP: 3/3
   204 | D:1      | You fall into a shaft and drop 1 floor!
   465 | D:2      | 465 ||| DROPPING scroll of butterflies.
   553 | D:1      | Reached XP level 3. HP: 18/18 MP: 4/4
   725 | D:1      | 725 ||| READING scroll labelled JOQ EZXIMUUGEE.
   725 | D:1      | 725 ||| IDENTIFYING murky puce potion
   726 | D:1      | 726 ||| READING scroll labelled GEEBEAN ZIRR.
   827 | D:1      | 827 ||| DRINKING 2 fuming yellow potions.
   828 | D:1      | 828 ||| DROPPING potion of ambrosia.
  1108 | D:2      | Found a faded altar of an unknown god.
  1136 | D:2      | 1136 ||| READING scroll of identify.
  1136 | D:2      | 1136 ||| IDENTIFYING brown potion
  1327 | D:3      | Reached XP level 4. HP: 22/22 MP: 5/5
  1539 | D:3      | Found a glowing silver altar of Zin.
  1539 | D:3      | Found a stormy altar of Qazlal.
  1686 | D:3      | Reached XP level 5. HP: 25/25 MP: 6/6
  2051 | D:3      | 2051 ||| UPGRADING to +4 ring of protection.
  2052 | D:3      | 2052 ||| READING 2 scrolls of identify.
  2052 | D:3      | 2052 ||| IDENTIFYING metallic grey potion
  2053 | D:3      | 2053 ||| READING scroll of identify.
  2053 | D:3      | 2053 ||| IDENTIFYING purple potion
  2054 | D:3      | 2054 ||| READING scroll labelled PODIPI KEIHUMP.
  2055 | D:3      | 2055 ||| READING scroll labelled QUJOCO TIPPU.
  2060 | D:3      | 2060 ||| READING scroll labelled SOAZXIGGAO.
  2061 | D:3      | 2061 ||| DROPPING potion of brilliance.
  2131 | D:4      | Found a staircase to the Ecumenical Temple.
  2132 | D:4      | 2132 ||| PLANNING TEMPLE
  2132 | D:4      | 2132 ||| DROPPING +6 ring of intelligence.
  2153 | D:4      | HP: 6/26 [poisoned by an adder]
  2155 | D:4      | Slain by an orc

Levels and vault maps discovered:
D:1:      scummos_arrival_forest, layout_rooms, minivault_19
D:2:      layout_basic, nicolae_ecumenical_oubliette
D:3:      layout_basic, minitemple
D:4:      layout_rooms, mainiacjoe_overflow_alcove_2,
          nicolae_overflow_hidden_temple, minmay_temple_entry_mini_moons,
          serial_shops, shop, uniq_crazy_yiuf_cottage

Skill      XL: |  1  2  3  4  5 |
---------------+----------------+-----
Dodging        | 3 4 5 |  5.1
Ranged Weapons | 5 |  5.3
Fighting       | 2 |  2.2
Stealth        | |  1.5

Action                     |  1- 3 |  4- 6 || total
---------------------------+-------+-------++-------
   Fire: Shortbow          |   108 |    85 ||   193
    Use: Scroll            |     3 |     5 ||     8
         Potion            |     1 |       ||     1
 Armour: Robe              |    11 |    13 ||    24
  Dodge: Dodged            |    46 |    47 ||    93

Table legend:
 A = Non-vault XP
 B = Vault XP
 C = Vault XP percentage of total XP
 D = Non-vault monster count
 E = Vault monster count
 F = Vault count percentage of total count
                 A         B        C        D         E       F
            +---------+---------+-------+---------+---------+-------
      Total |     257 |       0 |   0.0 |      62 |       0 |   0.0
            +---------+---------+-------+---------+---------+-------
        D:1 |      38 |       0 |   0.0 |      22 |       0 |   0.0
        D:2 |      42 |       0 |   0.0 |      18 |       0 |   0.0
        D:3 |     130 |       0 |   0.0 |      19 |       0 |   0.0
        D:4 |      47 |       0 |   0.0 |       3 |       0 |   0.0
            +---------+---------+-------+---------+---------+-------
